Map: Terraform LE (Void)

Players

RepMeaSt (Semper)

  • Race: Terran Terran
  • League: Master

마사 (MaSa) - Winner!

  • Race: Terran Terran
  • League: Platinum

VOD

Have the link to the VOD?

Description

Time

  • Played on: Sept. 9, 2015, 9:37 p.m.
  • Length: 23:19
Show
View Real Time Build Order
Export as new Build Order

RepMeaSt Terran 

Build Orders: 1/1/1 

Get SALT Encoding   

  12  0:00  SCV  
  13  0:13  SCV  
  14  0:18  Supply Depot  
  14  0:25  SCV  
  15  0:29  Refinery  
  15  0:39  SCV  
  16  0:45  Barracks  
  16  0:51  SCV  
  17  1:03  SCV  
  18  1:15  SCV  
  19  1:32  Factory, Marine, Orbital Command  
  20  1:43  Supply Depot  
  20  1:50  Marine  
  21  1:55  Refinery  
  21  1:57  SCV  
  22  2:08  Marine  
  22  2:10  SCV  
  24  2:16  Starport  
  24  2:22  SCV  
  25  2:25  Factory Tech Lab  
  25  2:26  Supply Depot, Marine  
  26  2:34  SCV  
  27  2:44  Marine  
  27  2:46  SCV  
  29  2:58  SCV, Raven  
  30  2:59  Widow Mine  
  30  3:01  Supply Depot  
  30  3:02  Marine  
  35  3:10  SCV  
  36  3:22  Command Center, SCV  
  36  3:25  Barracks Reactor  
  37  3:34  SCV  
  38  3:46  SCV  
  38  3:48  Supply Depot  
  39  3:51  Viking  
  41  3:58  SCV  
  41  4:01  Marine  
  41  4:02  Siege Tank, Marine  
  47  4:10  SCV  
  47  4:11  Supply Depot  
  48  4:20  Marine x2  
  48  4:23  SCV  
  51  4:28  Viking  
  52  4:35  SCV  
  52  4:36  Orbital Command  
  52  4:37  Siege Tank  
  56  4:47  SCV  
  56  4:48  Engineering Bay  
  56  4:51  Barracks Tech Lab  
  57  4:55  Orbital Command  
  57  4:59  SCV  
  58  5:07  Viking x2  
  58  5:11  SCV  
  63  5:15  Missile Turret  
  63  5:19  Missile Turret  
  63  5:21  Refinery, Siege Tank  
  66  5:23  Marine  
  66  5:25  SCV  
  68  5:33  SCV  
  69  5:37  Viking  
  69  5:38  SCV  
  69  5:39  Supply Depot  
  72  5:44  Viking  
  72  5:45  SCV  
  75  5:50  SCV, Barracks  
  75  5:52  Marine  
  77  5:58  SCV  
  77  6:00  Bunker  
  77  6:02  SCV  
  79  6:10  SCV  
  76  6:20  SCV  
  76  6:25  Marine  
  71  6:30  SCV  
  70  6:40  Barracks  
  70  6:41  Terran Infantry Weapons Level 1  
  70  6:42  SCV  
  70  6:44  Command Center, Siege Tank  
  70  6:45  SCV, Starport Reactor  
  75  6:48  Refinery  
  75  6:51  Marine x3  
  78  6:55  SCV  
  78  6:56  Supply Depot  
  78  7:00  SCV  
  80  7:09  Marine x2  
  80  7:11  Marine  
  80  7:14  SCV  
  84  7:17  Barracks  
  84  7:22  Siege Tank  
  87  7:23  Viking x2  
  87  7:24  SCV  
  87  7:26  Marine  
  94  7:30  Barracks Reactor, Marine  
  94  7:33  Supply Depot x2  
  94  7:42  SCV  
  94  7:54  SCV, Viking x2, Marine x2  
  94  7:55  Barracks Reactor  
  94  7:57  Siege Tank  
  103  7:59  SCV  
  104  8:08  SCV  
  104  8:10  Marine x2  
  104  8:12  Barracks Reactor, Marine x2  
  109  8:16  Refinery  
  109  8:17  Barracks  
  109  8:18  Refinery  
  108  8:20  SCV  
  108  8:21  SCV  
  108  8:25  Supply Depot  
  110  8:27  Marine  
  110  8:28  Marine  
  110  8:30  Marine x2  
  110  8:32  SCV  
  110  8:33  Siege Tank  
  117  8:34  Medivac  
  117  8:35  Medivac  
  117  8:38  SCV  
  117  8:40  Marine  
  123  8:45  Marine x2  
  123  8:46  Marine  
  120  8:49  SCV  
  120  8:55  Marine  
  109  9:08  Marine  
  109  9:10  Medivac  
  107  9:20  Factory Tech Lab, Marine  
  107  9:21  SCV  
  107  9:22  SCV  
  110  9:26  Marine  
  110  9:31  Marine  
  112  9:33  SCV  
  112  9:35  SCV  
  114  9:39  Barracks Tech Lab  
  114  9:40  Siege Tank, Medivac x2  
  114  9:41  Marine  
  114  9:42  Marine x4  
  114  9:43  Marine  
  128  9:48  Marine  
  128  9:51  SCV  
  130  9:54  Planetary Fortress  
  130  9:55  SCV  
  130  9:57  Barracks  
  130  9:59  Marine x3  
  131  10:01  Terran Infantry Armor Level 1  
  131  10:04  Supply Depot, Armory, Marine x3  
  131  10:05  Engineering Bay, Marine  
  131  10:06  Marine  
  138  10:10  SCV  
  138  10:11  SCV, Sensor Tower  
  140  10:17  Marine  
  141  10:25  Marine x3  
  141  10:26  SCV  
  141  10:28  SCV  
  146  10:30  Supply Depot  
  146  10:32  SCV  
  147  10:39  Supply Depot  
  147  10:42  Command Center  
  147  10:49  Marine x2  
  149  10:52  Combat Shields, Siege Tank, Marine  
  149  10:53  Factory  
  149  10:54  SCV  
  154  11:03  Marine  
  143  11:05  Medivac  
  143  11:11  Marine  
  140  11:16  Marine  
  140  11:17  Barracks Reactor  
  141  11:24  Missile Turret  
  141  11:26  Missile Turret, Marine  
  141  11:28  Siege Tank  
  145  11:33  Marine  
  145  11:38  Barracks Tech Lab  
  145  11:39  Marine x2  
  148  11:45  Missile Turret  
  143  11:48  Marine x4  
  143  11:49  Factory Tech Lab  
  143  11:51  Marine  
  143  11:54  Marine x2  
  147  11:57  Marine x2  
  147  12:00  Siege Tank  
  154  12:05  Marine  
  154  12:06  Marine x4  
  153  12:09  Marine  
  154  12:17  Siege Tank  
  154  12:18  Marine, Medivac x2  
  154  12:19  Marine x3  
  154  12:21  Stimpack  
  165  12:23  Marine  
  165  12:24  Marine x4  
  165  12:27  Marine  
  171  12:32  Siege Tank  
  171  12:34  Terran Infantry Weapons Level 2, Terran Infantry Armor Level 2  
  174  12:37  Terran Vehicle Weapons Level 1  
  174  12:41  Supply Depot x2  
  174  12:43  Refinery  
  173  12:49  Siege Tank, Marine x4  
  173  12:50  Marine  
  180  13:04  Siege Tank  
  183  13:09  Planetary Fortress  
  183  13:13  Marine  
  183  13:20  Medivac x2  
  183  13:21  Supply Depot  
  183  13:22  Siege Tank  
  183  13:23  Marine x4  
  183  13:24  Marine  
  195  13:38  Marine  
  196  13:42  Marine x3  
  196  13:48  Siege Tank  
  184  13:51  Marine  
  184  13:52  Marine x5  
  155  13:55  Marine  
  155  14:00  Marine x3  
  155  14:01  Siege Tank  
  141  14:08  Marine  
  135  14:10  Marine x5  
  135  14:12  Medivac  
  135  14:13  Marine  
  139  14:18  Marine x3  
  139  14:20  Siege Tank  
  142  14:26  Marine  
  142  14:28  Marine x5  
  139  14:31  Marine  
  139  14:33  Siege Tank  
  139  14:35  Marine x3  
  144  14:44  Marine  
  144  14:46  Marine x5  
  144  14:49  Marine  
  148  14:54  Marine  
  148  14:59  Marine  
  129  15:00  Marine  
  129  15:02  Marine  
  129  15:03  Marine  
  129  15:04  Marine  
  129  15:05  Marine  
  132  15:13  Marine  
  132  15:14  Marine x2  
  113  15:28  Marine  
  113  15:30  Marine x2  
  113  15:31  Marine  
  113  15:32  Marine x4  
  121  15:35  SCV x2  
  123  15:54  Marine  
  118  15:58  Marine x7  
  118  16:02  Siege Tank, Marine  
  118  16:04  Marine  
  130  16:16  Marine  
  128  16:23  Marine  
  128  16:24  Terran Infantry Weapons Level 3, Terran Infantry Armor Level 3  
  117  16:25  Marine  
  118  16:34  Siege Tank  
  118  16:37  Marine x4  
  125  16:40  Orbital Command  
  125  16:48  Marine x6  
  130  16:54  Marine  
  114  17:06  Siege Tank  
  117  17:11  Marine x9  
  117  17:12  Marine  
  127  17:29  Marine x7  
  132  17:31  Medivac x2  
  132  17:35  Marine  
  132  17:36  Marine x2  
  139  17:38  Siege Tank  
  139  17:46  Marine  
  139  17:47  Marine x4  
  139  17:49  Marine  
  139  17:50  Marine  
  143  17:53  Marine  
  143  17:54  Marine x2  
  143  17:57  Command Center  
  139  18:04  Marine  
  139  18:05  Marine x4  
  131  18:07  Marine x2  
  131  18:10  Siege Tank  
  131  18:11  Marine  
  133  18:14  Marine x2  
  133  18:22  Marine x5  
  133  18:25  Marine x2  
  140  18:29  Marine  
  140  18:31  Marine  
  140  18:32  Marine  
  143  18:37  Refinery  
  143  18:38  Factory x2, Refinery  
  143  18:40  Marine x5  
  148  18:42  Siege Tank  
  148  18:43  Medivac, Marine x2  
  148  18:47  Marine  
  148  18:48  Refinery x2  
  156  18:49  Marine x2  
  158  18:58  Marine x5  
  158  19:01  Marine x2  
  125  19:04  Marine  
  125  19:07  Marine x2  
  114  19:15  Siege Tank  
  114  19:16  Marine x5  
  122  19:18  Marine  
  122  19:19  Marine  
  122  19:22  Marine  
  119  19:25  Marine x2  
  121  19:33  Factory Tech Lab, Marine  
  121  19:34  Marine x4  
  121  19:36  Marine x2  
  126  19:40  Marine  
  126  19:43  Orbital Command, Marine x2  
  117  19:51  Siege Tank, Marine x3  
  117  19:52  Marine x2  
  113  19:53  Siege Tank  
  113  19:54  Siege Tank, Marine x2  
  113  19:58  SCV, Marine  
  124  20:00  Marine  
  124  20:01  Marine  
  124  20:02  Planetary Fortress  
  123  20:09  Marine x5  
  123  20:12  Marine x2  
  127  20:16  Marine  
  127  20:18  Marine x2, Medivac  
  128  20:27  Marine x5  
  133  20:30  Marine x2  
  133  20:31  Siege Tank  
  133  20:34  Marine  
  136  20:36  Marine  
  136  20:38  Marine  
  138  20:45  Marine x4  
  111  20:54  Marine  
  101  20:58  Marine x5  
  101  21:02  Marine  
  101  21:03  Marine x3  
  99  21:12  Marine  
  99  21:16  Marine x5  
  101  21:20  Marine  
  101  21:21  Marine x3  
  101  21:22  Siege Tank  
  108  21:25  Medivac  
  108  21:28  Medivac  
  108  21:30  Marine  
  113  21:33  Marine  
  113  21:34  Marine x4  
  113  21:38  Marine x3  
  119  21:43  Marine  
  120  21:48  Marine  
  120  21:51  Marine  
  120  21:52  Marine  
  120  21:53  Marine  
  106  21:54  Marine  
  106  21:56  Marine  
  106  22:00  Marine  
  113  22:01  Marine  
  113  22:06  Marine  
  103  22:14  Marine  
  102  22:22  Marine  
  87  22:45  Barracks  
  87  22:46  Barracks  
  87  22:47  Barracks x3  
Show
View Real Time Build Order
Export as new Build Order

마사 Terran - Winner!

Build Orders: 1/1/1, Bio Tank, Banshee Rush 

Get SALT Encoding   

  12  0:00  SCV  
  13  0:13  SCV  
  14  0:17  Supply Depot  
  14  0:25  SCV  
  15  0:31  Refinery  
  15  0:39  SCV  
  16  0:44  Barracks  
  16  0:51  SCV  
  17  1:03  SCV  
  18  1:15  SCV  
  19  1:31  Orbital Command  
  19  1:32  Marine  
  20  1:33  Factory  
  20  1:42  Refinery  
  20  1:53  Supply Depot, Barracks Tech Lab  
  20  1:57  SCV  
  21  2:10  SCV  
  22  2:17  Hellion  
  22  2:18  Starport  
  22  2:20  Marine  
  25  2:22  SCV  
  26  2:31  Supply Depot  
  26  2:35  SCV  
  27  2:38  Hellion, Marine  
  30  2:48  SCV  
  31  2:54  Banshee, Cloaking Field  
  34  3:01  Supply Depot  
  34  3:03  SCV  
  35  3:15  SCV  
  35  3:19  Barracks Reactor  
  36  3:20  Factory Tech Lab  
  36  3:27  SCV  
  37  3:35  Command Center  
  37  3:39  Raven  
  39  3:45  SCV  
  40  3:55  Marine x2  
  42  3:57  SCV  
  42  3:59  Supply Depot  
  43  4:05  Siege Tank  
  43  4:09  SCV  
  47  4:21  Marine x2  
  47  4:22  SCV, Viking  
  52  4:34  SCV  
  53  4:42  Marine x2  
  53  4:43  Refinery  
  55  4:47  Siege Tank  
  55  4:48  Orbital Command  
  55  4:49  SCV  
  59  4:53  Supply Depot  
  59  5:04  SCV, Viking  
  59  5:06  Viking  
  64  5:15  SCV, Supply Depot  
  64  5:16  SCV, Marine  
  67  5:26  Stimpack  
  67  5:27  SCV  
  67  5:28  SCV  
  69  5:33  Marine  
  70  5:39  SCV, Viking  
  70  5:40  SCV, Viking  
  74  5:47  Barracks  
  74  5:51  Marine  
  74  5:52  SCV  
  74  5:53  Barracks  
  76  6:00  Bunker  
  76  6:07  SCV  
  76  6:09  Viking  
  76  6:10  Viking  
  79  6:11  SCV  
  77  6:19  SCV  
  77  6:22  Marine  
  77  6:23  SCV  
  71  6:31  SCV  
  68  6:33  Siege Tank  
  68  6:36  SCV  
  68  6:39  Barracks  
  74  6:40  Marine  
  74  6:42  Barracks  
  74  6:44  Barracks Reactor  
  74  6:45  Barracks Reactor  
  75  6:53  Medivac  
  75  6:56  Medivac  
  75  6:58  Marine  
  78  7:01  SCV  
  78  7:02  SCV  
  78  7:04  Command Center, Refinery  
  78  7:06  Supply Depot  
  78  7:07  Supply Depot  
  80  7:11  Engineering Bay x2  
  80  7:14  Siege Tank  
  83  7:16  Marine  
  83  7:17  SCV  
  83  7:19  SCV  
  86  7:28  Marine x4  
  90  7:34  Marine  
  89  7:41  SCV, Medivac  
  88  7:45  Barracks Reactor  
  88  7:46  SCV, Marine  
  88  7:50  Marine  
  88  7:51  Combat Shields, Marine x2  
  89  7:53  SCV  
  89  7:57  Supply Depot, Marine  
  89  7:58  Supply Depot  
  92  7:59  Barracks Reactor  
  92  8:03  SCV, Marine  
  93  8:07  SCV  
  93  8:08  Marine  
  93  8:10  Marine  
  96  8:16  Marine x2  
  96  8:18  SCV  
  99  8:20  Terran Infantry Weapons Level 1, Terran Infantry Armor Level 1  
  99  8:21  Marine  
  98  8:33  Marine x3  
  98  8:34  Refinery x2, Marine x3  
  102  8:36  Marine x2  
  102  8:37  Siege Tank, Medivac  
  102  8:39  Marine  
  111  8:51  Marine x4  
  111  8:52  Marine  
  108  8:56  Marine  
  108  9:00  Marine  
  108  9:01  Marine x2  
  98  9:03  Medivac  
  98  9:04  SCV  
  98  9:07  Medivac  
  98  9:09  Siege Tank  
  106  9:11  Planetary Fortress  
  106  9:12  Marine x2  
  106  9:16  Marine x4  
  112  9:20  Marine  
  112  9:21  Marine  
  114  9:26  Barracks x2  
  114  9:27  Supply Depot  
  114  9:28  Supply Depot  
  114  9:30  Marine  
  112  9:31  Marine  
  112  9:34  Marine x2  
  112  9:36  Supply Depot  
  112  9:37  Supply Depot  
  115  9:41  Siege Tank  
  115  9:44  Marine x2  
  119  9:46  Factory  
  119  9:48  Marine  
  119  9:49  Marine  
  119  9:51  Barracks Reactor, Marine x3  
  119  9:52  Medivac  
  123  9:56  Marine  
  124  10:02  Marine x2  
  124  10:06  Marine x2  
  128  10:10  Medivac  
  130  10:14  Marine  
  130  10:15  Marine  
  130  10:16  Command Center  
  132  10:22  Barracks Reactor  
  132  10:31  Orbital Command  
  132  10:35  Siege Tank  
  135  10:37  Medivac  
  135  10:38  Siege Tank  
  135  10:40  Medivac  
  142  10:46  Marine x6  
  142  10:47  Barracks Reactor, Marine  
  136  11:06  Marine  
  136  11:07  Medivac, Siege Tank, Marine x5  
  136  11:09  Medivac  
  144  11:14  Marine x4  
  144  11:16  Marine x2  
  141  11:18  Siege Tank  
  141  11:24  Marine x2  
  143  11:27  Armory  
  136  11:37  Medivac, Marine  
  136  11:39  Marine  
  140  11:45  Marine  
  140  11:46  Siege Tank, Marine x4  
  144  11:47  Medivac  
  144  11:50  Marine x3  
  144  11:51  Marine x3  
  152  11:59  Marine x2  
  151  12:07  Marine x2  
  151  12:08  Siege Tank, Marine  
  156  12:14  Marine x2  
  156  12:15  Marine x3  
  158  12:18  Marine x2  
  158  12:19  Refinery x2, Siege Tank, Supply Depot  
  158  12:21  Supply Depot  
  166  12:24  Marine x4  
  170  12:33  Marine x5  
  170  12:36  Marine x2  
  170  12:37  Marine  
  175  12:40  Siege Tank  
  179  12:45  Marine  
  179  12:46  Marine x3  
  179  12:51  Siege Tank  
  186  12:59  Marine x2  
  186  13:00  Marine x3  
  186  13:04  Marine x3  
  194  13:08  Planetary Fortress, Marine x2  
  196  13:35  Marine x2  
  196  13:36  Marine x2  
  196  13:45  Marine x3  
  196  13:47  Siege Tank, Marine x4  
  196  13:48  Siege Tank, Marine  
  195  13:50  Medivac x2  
  195  13:54  Marine x3  
  161  13:56  Marine x3  
  155  14:02  Marine x3  
  155  14:05  Marine x3  
  161  14:15  Marine x5  
  159  14:18  Marine x3  
  159  14:19  Siege Tank  
  159  14:20  Siege Tank, Medivac x2  
  170  14:29  Terran Infantry Armor Level 2  
  159  14:36  Marine x3  
  159  14:38  Marine x3  
  158  14:39  SCV x2  
  158  14:42  Marine x2  
  158  14:43  Marine x2  
  165  14:47  Marine  
  165  14:48  Marine x2  
  165  14:51  Siege Tank  
  171  14:52  Siege Tank  
  171  14:59  Marine x3  
  161  15:00  Medivac x2  
  161  15:01  Marine x2  
  161  15:03  Marine x3  
  161  15:04  Marine  
  169  15:08  Marine x4  
  169  15:12  Marine  
  153  15:17  Marine x3  
  153  15:19  Marine  
  145  15:23  Siege Tank, Marine x2  
  145  15:25  Siege Tank  
  145  15:27  Marine x2  
  147  15:30  Medivac x2  
  147  15:34  Marine x4  
  145  15:38  Marine x2  
  145  15:40  SCV x2  
  145  15:41  SCV  
  147  15:44  Marine x2  
  147  15:45  Marine x2  
  147  15:47  Marine x2  
  153  15:55  Siege Tank, Marine x3  
  153  15:56  Marine x3  
  143  15:57  Siege Tank  
  143  15:58  Marine  
  143  16:03  Marine x2  
  143  16:04  Marine  
  138  16:08  Marine x2  
  137  16:12  Terran Infantry Weapons Level 2  
  137  16:16  Marine x2  
  137  16:17  Marine x4  
  141  16:23  Marine x2  
  120  16:27  Siege Tank  
  120  16:28  Marine x4  
  120  16:32  Siege Tank  
  122  16:36  Medivac  
  122  16:38  Medivac  
  126  16:41  Marine x2  
  125  17:01  Marine x5  
  106  17:02  Marine x4  
  106  17:04  Marine x3  
  106  17:05  Siege Tank x2  
  106  17:06  Medivac  
  106  17:08  Medivac  
  128  17:09  Marine x2  
  129  17:19  Marine x2  
  129  17:20  Marine x2  
  129  17:21  Marine x2  
  129  17:22  Marine x2  
  126  17:24  Marine  
  126  17:28  Marine x2  
  129  17:32  Marine x3  
  135  17:37  Siege Tank  
  135  17:41  Marine  
  125  17:50  Marine x2  
  127  17:51  Marine x3  
  127  17:52  SCV  
  131  18:00  Marine x3  
  131  18:01  Medivac x2  
  131  18:02  Marine x3  
  131  18:04  Marine x2  
  142  18:08  Marine  
  142  18:09  Marine  
  144  18:14  Marine  
  144  18:15  Marine x3  
  144  18:18  Marine  
  149  18:25  Marine x2  
  149  18:26  Marine x4  
  140  18:30  Siege Tank  
  143  18:37  Siege Tank  
  146  18:50  Terran Infantry Weapons Level 3, Terran Infantry Armor Level 3  
  146  18:53  Marine x2  
  146  18:54  Marine  
  128  19:02  Medivac  
  128  19:03  Medivac  
  128  19:05  Marine x2  
  128  19:07  Orbital Command, Marine x2  
  126  19:17  Marine x4  
  126  19:18  Marine x4  
  126  19:19  Marine  
  126  19:23  Siege Tank  
  134  19:28  Siege Tank  
  137  19:33  Terran Vehicle Weapons Level 1  
  134  19:42  Marine x2  
  134  19:44  Marine x2  
  134  19:49  Marine x2  
  134  19:50  Marine x2  
  129  19:53  Medivac  
  129  19:57  Medivac  
  129  19:59  Marine  
  134  20:01  Marine  
  134  20:02  Marine  
  134  20:05  Marine  
  134  20:06  Marine x2  
  139  20:10  Siege Tank  
  142  20:15  Siege Tank  
  142  20:16  Marine  
  142  20:17  Marine  
  147  20:23  Medivac  
  147  20:24  Marine x2  
  147  20:27  Medivac, Marine  
  154  20:31  Marine x3  
  154  20:32  Marine x2  
  154  20:34  Marine  
  160  20:37  Marine  
  161  20:46  Marine x3  
  161  20:48  Marine x3  
  134  20:53  Medivac  
  119  20:57  Marine x4  
  119  20:58  Marine x3  
  119  21:01  Siege Tank, Marine  
  119  21:03  Marine  
  131  21:06  Siege Tank  
  131  21:09  Medivac  
  136  21:15  Marine x4  
  136  21:16  Marine x2  
  140  21:21  Marine x3  
  140  21:23  SCV x2  
  140  21:25  SCV  
  146  21:26  Marine  
  147  21:35  Marine x2  
  148  21:40  Siege Tank x2  
  154  21:47  Marine x3  
  154  21:49  Marine x3  
  154  21:52  Marine x2  
  146  21:55  Marine  
  146  21:58  Marine  
  137  22:12  Siege Tank, Marine x2  
  137  22:13  Marine x2  
  129  22:37  Marine x2  
  129  22:38  Marine x4  
  134  22:53  Marine x3  
  134  22:55  Marine  
Tags
 
Add a new tag
Caveats
  • Supply blocks, unpowered buildings, or Contaminate may cause inaccurate times.
  • Supply counts are checked every 10 seconds.